 Seeded DCSS version 0.28-a0-1117-g0bdd5ba030 (webtiles) character file.

Game seed: 20211211 (custom seed)

21 a11behringer the Ruffian (level 2, 29/29 HPs)
             Began as a Troll Berserker on Dec 11, 2021.
             Was a Follower of Trog.
             Got out of the dungeon alive.
             The game lasted 00:01:02 (412 turns).

a11behringer the Ruffian (Troll Berserker)           Turns: 412, Time: 00:01:03

Health: 29/29      AC:  4    Str: 24    XL:     2   Next: 65%
Magic:  1/1        EV: 10    Int:  3    God:    Trog [*.....]
Gold:   19         SH:  0    Dex:  9    Spells: 1/1 levels left

rFire   . . .      SeeInvis .     - Unarmed
rCold   . . .      Faith    .   (no shield)
rNeg    . . .      Spirit   .   a - +0 animal skin
rPois   .          Reflect  .   (helmet restricted)
rElec   .          Harm     .   (no cloak)
rCorr   .          Rampage  .   (gloves unavailable)
Will    .....                   (boots unavailable)
Stlth   +.........              (no amulet)
HPRegen 0.89/turn               (no ring)
MPRegen 0.07/turn               (no ring)

@: no status effects
A: large, unfitting armour, claws 3, regeneration 1, shaggy fur 1, tough skin 1
a: Renounce Religion, Berserk


You escaped.
You worshipped Trog.
Trog was aware of your devotion.
You visited 1 branch of the dungeon, and saw 1 of its levels.

You collected 19 gold pieces.

Inventory:

Armour
 a - a +0 animal skin (worn)
Scrolls
 e - a scroll of identify {unknown}
Potions
 b - a potion of mutation {unknown}
 c - a potion of magic {unknown}
 d - a potion of haste {unknown}


   Skills:
 + Level 2.5 Fighting
 + Level 2.7 Dodging
 + Level 3.5 Unarmed Combat


You had one spell level left.
You didn't know any spells.
Your spell library was empty.

Dungeon Overview and Level Annotations

Branches:
Dungeon (1/15)

Altars:


Innate Abilities, Weirdness & Mutations

You are too large for most types of armour.
You have claws for hands.
Your natural rate of healing is unusually fast.
You are covered in fur. (AC +1)
You have tough skin. (AC +1)


Message History

You kill the ball python!
Trog accepts your kill.
No target in view!
No target in view!
Things that are here:
a ball python corpse; a jackal corpse; a jackal corpse
Found a ring mail.
You now have 19 gold pieces (gained 11).
You see here a +0 ring mail.
A bat and a hobgoblin come into view.
The bat hits you but does no damage.
There are monsters nearby!
You claw the bat!
You kill the bat!
Trog accepts your kill.
The hobgoblin shouts!
You scratch the hobgoblin but do no damage.
The hobgoblin hits you.
You claw the hobgoblin!
You kill the hobgoblin!
Trog accepts your kill.
No target in view!
No target in view!
No target in view!
Welcome back, a11behringer the Troll Berserker.
Game seed: 20211211 (custom seed) Trog says: Kill them all!
Press ? for a list of commands and other information.
A ball python comes into view.
HP restored.
You open the door.
Found an escape hatch in the floor.
There is an open door here.
There is an escape hatch in the floor here.
There is an escape hatch in the floor here.
There is an escape hatch in the floor here.
There is an open door here.
There is a staircase leading out of the dungeon here.
Are you sure you want to leave the Dungeon?
This will make you lose the game!
You have escaped!

....# #..###...... ... #..#
#...... ...... ## #..#
#...... ......## #..###......
#.....# #........... #.....#
###..###......
####.....#######....# #....†.
..............##.>..# #...##.
............@.##....# #...###
.............>##....###...###
##.....#'#####.............
####.....#>##>#+(..........##
#........#>#.# #...........#
#........##># #...........#
#........#'### ####........#
.............# #...†....#
.............# #...)....#


There were no monsters in sight!

Vanquished Creatures
  A dart slug (D:1)
  A ball python (D:1)
  An endoplasm (D:1)
  A goblin (D:1)
  3 hobgoblins (D:1)
  4 jackals (D:1)
  3 bats (D:1)
  A kobold (D:1)
  A rat (D:1)
16 creatures vanquished.

Notes
Turn   | Place    | Note
-------+----------+-------------------------------------------
     0 | D:1      | a11behringer the Troll Berserker began the quest for the
                  | Orb.
     0 | D:1      | Reached XP level 1. HP: 22/22 MP: 0/0
   101 | D:1      | Found a faded altar of an unknown god.
   217 | D:1      | Reached XP level 2. HP: 21/29 MP: 1/1
   412 | D:$      | Got out of the dungeon alive.

Illustrated notes

Levels and vault maps discovered:
D:1:      dpeg_arrival_connections, layout_basic,
          ebering_ecumenical_altar_petrified

Action                   || total
-------------------------++-------
Melee: Unarmed           ||    37
       Punch             ||     1
 Stab: Sleeping          ||     1
Armor: Animal skin       ||    10
Dodge: Dodged            ||    17

Table legend: (Time is in decaauts)
 A = Elapsed time spent in this place.
 B = Non-inter-level travel time spent in this place.
 C = Inter-level travel time spent in this place.
 D = Time resting spent in this place.
 E = Time spent auto-exploring this place.
 F = Levels seen in this place.
 G = Mean time per level.
                   A        B        C        D        E       F      G
               +--------+--------+--------+--------+--------+-----+--------+
         Total |    409 |    363 |     46 |      0 |    287 |   1 |  409.0 |
       Dungeon |    409 |    363 |     46 |      0 |    287 |   1 |  409.0 |
               +--------+--------+--------+--------+--------+-----+--------+

Top non-repeatable levels by time:
     D:1: 409 daAuts
